 Dungeon Crawl Stone Soup version 0.18-a0-1553-g6621715 (webtiles) character file.

44517 Geeful the Swashbuckler (level 14, -6/87 HPs)
             Began as a Kobold Hunter on Mar 10, 2016.
             Was a High Priest of Trog.
             Mangled by a four-headed hydra (11 damage)
             ... on level 4 of the Lair of Beasts on Mar 11, 2016.
             The game lasted 01:24:52 (20484 turns).

Geeful the Swashbuckler (Kobold Hunter)            Turns: 20484, Time: 01:24:52

Health: -6/87      AC: 16    Str: 14    XL:     14   Next: 66%
Magic:  14/14      EV: 27    Int:  8    God:    Trog [*****.]
Gold:   1119       SH:  0    Dex: 19    Spells: 0 memorised, 13 levels left

rFire  . . .     SeeInvis +     a - +0 arbalest
rCold  . . .     Gourm    .     u - +3 leather armour {rPois}
rNeg   . . .     Faith    .     (shield currently unavailable)
rPois  +         Spirit   .     l - +0 helmet
rElec  +         Dismiss  .     z - +1 cloak
rCorr  .         Reflect  .     P - +0 pair of gloves
SustAt .         Harm     .     C - +2 pair of boots
MR     +....                    (no amulet)
Stlth  +++.......               v - +4 ring of evasion
                                B - +3 ring of slaying

@: very slightly contaminated, somewhat resistant to hostile enchantments,
fairly stealthy
A: hooves 1, see invisible, carnivore 3, electricity resistance, MP-powered
wands
a: Berserk, Trog's Hand, Brothers in Arms, Burn Spellbooks, Renounce Religion


You were on level 4 of the Lair of Beasts.
You worshipped Trog.
Trog was extremely pleased with you.
You were completely stuffed.

You visited 3 branches of the dungeon, and saw 18 of its levels.
You also visited: Bailey.

You collected 1119 gold pieces.

Inventory:

Hand Weapons
 a - a +0 arbalest (weapon)
 b - a +7 quick blade of piercing
 W - a +0 blowgun
Missiles
 d - 132 bolts (quivered)
 A - 9 steel bolts
 H - 13 bolts of penetration
 I - 9 poisoned needles
 K - 11 bolts of flame
 U - 22 bolts of frost
 V - 19 silver bolts
 Z - 5 curare-tipped needles
Armour
 l - a +0 helmet (worn)
 u - a +3 leather armour of poison resistance (worn)
 z - a +1 cloak (worn)
 C - a +2 pair of boots (worn)
 P - a +0 pair of gloves (worn)
Jewellery
 p - a +2 ring of evasion
 r - an uncursed ring of protection from cold
 t - an uncursed ring of sustain attributes
 v - a +4 ring of evasion (right hand)
 B - a +3 ring of slaying (left hand)
 X - an uncursed ring of positive energy
Wands
 w - a wand of disintegration (0/24)
 E - a wand of paralysis (17/24)
 N - a wand of iceblast (8/15)
 O - a wand of acid (4/15)
 R - a wand of lightning (6/15)
 T - a wand of flame (21/48)
Scrolls
 i - 2 scrolls of immolation
 m - 7 scrolls of remove curse
 n - 5 scrolls of recharging
 o - 4 scrolls of teleportation
 q - 4 scrolls of magic mapping
 x - 2 scrolls of enchant armour
 y - 4 scrolls of fog
 D - 7 scrolls of fear
 L - 4 scrolls of blinking
 S - 2 scrolls of enchant weapon
Potions
 c - a potion of invisibility
 e - 2 potions of cure mutation
 g - 3 potions of heal wounds
 h - 2 potions of brilliance
 j - 3 potions of might
 k - a potion of berserk rage {unknown}
 G - 2 potions of flight
 J - 2 potions of lignification
Comestibles
 f - 8 meat rations
 s - 2 slices of pizza
 F - 7 beef jerkies
 M - 11 royal jellies
 Q - 5 chunks of flesh


   Skills:
 + Level 9.9 Fighting
 - Level 18.7 Short Blades
 + Level 11.3 Crossbows
 - Level 10.1 Armour
 + Level 10.7 Dodging
 + Level 2.6 Stealth


You had 13 spell levels left.
You didn't know any spells.

Dungeon Overview and Level Annotations

Branches:
Dungeon (13/15)            Temple (1/1) D:6            Lair (4/8) D:11
 Spider (0/4) Lair:3          Orc (0/2) D:9
  Swamp: Lair:3-6    Shoals: Lair:3-6    Vaults: D:13-14

Altars:
Ashenzari
Cheibriados
Dithmenos
Elyvilon
Fedhas
Gozag
Kikubaaqudgha
Makhleb
Nemelex Xobeh
Okawaru
Pakellas
Qazlal
Ru
Sif Muna
Trog
Vehumet
Xom
Yredelemnul
Zin
The Shining One
Jiyva

Shops:
D:8 ?   D:10 ([

Annotations:
D:9 exclusion: orange crystal statue


Innate Abilities, Weirdness & Mutations

You are small and have problems with some larger weapons.
You are carnivorous and can eat meat at any time.
You have large cloven feet.
You have supernaturally acute eyesight.
You are resistant to electric shocks.
You expend magic power (3 MP) to strengthen your wands.


Message History

You shoot a bolt. The bolt hits the four-headed hydra!!
The four-headed hydra is almost dead.
Firing (i - inventory. (,) - cycle):
d - 135 bolts (quivered)
Press: ? - help, Shift-Dir - straight line, f/p - four-headed hydra
Aim: a four-headed hydra (almost dead)
You shoot a bolt. The bolt hits the four-headed hydra.
The four-headed hydra is almost dead.
Firing (i - inventory. (,) - cycle):
d - 134 bolts (quivered)
Press: ? - help, Shift-Dir - straight line, f/p - four-headed hydra
Aim: a four-headed hydra (almost dead)
You shoot a bolt.
The bolt hits the four-headed hydra but does no damage.
The four-headed hydra is almost dead.
Firing (i - inventory. (,) - cycle):
d - 133 bolts (quivered)
Press: ? - help, Shift-Dir - straight line, f/p - four-headed hydra
Aim: a four-headed hydra (almost dead)
You shoot a bolt. The bolt hits the four-headed hydra!
The four-headed hydra is almost dead.
The four-headed hydra bites you!
You die...

#...## #....##
#... #P....##
#P..#+ #...%.#
#...... ##....###
....... #.......#
.......
#.......###.......
#@D(.t(.#..#....(.
##....#.((((......
#.....####.#......
##....P# ###......
#..#P## ......
###..### ##.##.
#[...# ## #....#
#..###


You could see a four-headed hydra and a crocodile.

Vanquished Creatures
  Gastronok (Lair:3)
  A hydra (D:13)
  A queen ant (Lair:2)
  Sonja (D:10)
  An unseen horror (D:11)
  2 hill giants (D:11)
  Pikel (D:9)
  2 ugly things
  A cyclops (D:12)
  2 manticores
  A centaur zombie (D:11)
  A gargoyle (D:11)
  7 spiny frogs
  4 trolls
  A polar bear (Lair:2)
  2 two-headed ogres
  3 blink frogs (Lair:4)
  A shadow (D:11)
  19 yaks
  A vampire (D:12)
  2 basilisks
  Edmund (D:4)
  A mottled dragon (D:12)
  5 hippogriffs
  The ghost of Sixotanaka the Sneak, an amateur OpAs of Dithmenos (D:4)
  9 soldier ants
  4 water moccasins
  Duvessa (D:7)
  15 orc warriors
  4 porcupines
  Purgy (D:3)
  A necrophage (D:13)
  A black bear (D:10)
  2 ice beasts
  2 slaves (D:9)
  2 phantoms
  5 ogres
  3 eyes of draining
  3 sky beasts
  15 wolves (Lair:2)
  9 centaurs
  2 crocodiles
  10 giant frogs
  A wyvern skeleton (D:11)
  5 scorpions
  Dowan (D:7)
  3 killer bees (D:7)
  8 wights
  A vampire bat (D:3)
  2 howler monkeys
  7 crimson imps
  7 jellies
  4 giant frog zombies
  5 hounds
  A quasit (D:11)
  Crazy Yiuf (D:3)
  7 orc priests
  A centaur skeleton (D:9)
  Ijyb (D:2)
  Jessica (D:3)
  3 giant frog skeletons
  8 iguanas
  28 worker ants
  9 orc wizards
  Natasha (thrice) (D:3)
  5 sheep (Lair:3)
  A hound skeleton (D:9)
  A howler monkey zombie (D:8)
  A worker ant zombie (D:9)
  11 gnolls
  A howler monkey skeleton (D:8)
  7 adders
  28 river rats
  2 shadow imps
  2 oozes
  2 adder skeletons
  4 adder zombies
  6 worms
  5 dart slugs
  6 giant geckos
  64 orcs
  11 bats
  2 bat skeletons (D:3)
  3 bat zombies (D:3)
  6 giant cockroaches
  7 goblins
  7 hobgoblins
  2 quokkas
  3 giant newts
  7 kobolds
  16 rats
469 creatures vanquished.

Vanquished Creatures (others)
  A slave (D:9)
  An orc (D:9)
  9 fungi
  3 plants (D:11)
14 creatures vanquished.

Grand Total: 483 creatures vanquished

Notes
Turn   | Place    | Note
--------------------------------------------------------------
     0 | D:1      | Geeful the Kobold Hunter began the quest for the Orb.
     0 | D:1      | Reached XP level 1. HP: 12/12 MP: 1/1
   145 | D:1      | Reached skill level 5 in Crossbows
   145 | D:1      | Reached XP level 2. HP: 17/17 MP: 2/2
   351 | D:1      | Reached XP level 3. HP: 22/22 MP: 3/3
   524 | D:1      | Found a sparkling altar of Nemelex Xobeh.
   846 | D:2      | Reached XP level 4. HP: 27/27 MP: 4/4
  1145 | D:2      | Found a stormy altar of Qazlal.
  1298 | D:2      | Reached XP level 5. HP: 32/32 MP: 5/5
  1300 | D:2      | Noticed Ijyb
  1326 | D:2      | Killed Ijyb
  1655 | D:3      | Found an oddly glowing altar of Pakellas.
  1770 | D:3      | Noticed Jessica
  1772 | D:3      | Noticed Natasha
  1774 | D:3      | Drew Focus: Dex increased to 17, Int decreased to 8
  1792 | D:3      | Killed Natasha
  1792 | D:3      | Reached XP level 6. HP: 16/38 MP: 6/6
  1794 | D:3      | Killed Jessica
  2083 | D:3      | Noticed Natasha
  2096 | D:3      | Killed Natasha
  2311 | D:3      | Noticed Purgy
  2317 | D:3      | Killed Purgy
  2317 | D:3      | Reached skill level 5 in Dodging
  2325 | D:3      | Found a shattered altar of Ashenzari.
  2410 | D:3      | Found an ancient bone altar of Kikubaaqudgha.
  2427 | D:3      | Reached XP level 7. HP: 39/44 MP: 7/7
  2635 | D:3      | Noticed Natasha
  2645 | D:3      | Killed Natasha
  2711 | D:3      | Noticed Crazy Yiuf
  2723 | D:3      | Killed Crazy Yiuf
  3236 | D:4      | Found a shadowy altar of Dithmenos.
  3419 | D:4      | Noticed Sixotanaka's ghost (amateur OpAs)
  3425 | D:4      | Killed Sixotanaka's ghost
  3425 | D:4      | Reached skill level 5 in Fighting
  3776 | D:4      | Noticed Edmund
  3784 | D:4      | Gained mutation: You have large cloven feet. [potion of mutation]
  3784 | D:4      | Gained mutation: You expend magic power (3 MP) to strengthen your wands. [potion of mutation]
  3784 | D:4      | Gained mutation: You are resistant to electric shocks. [potion of mutation]
  4339 | D:4      | Killed Edmund
  4339 | D:4      | Reached XP level 8. HP: 35/50 MP: 8/8
  4906 | D:5      | Entered Level 5 of the Dungeon
  4923 | D:5      | You fall through a shaft for 3 floors!
  4970 | D:7      | Noticed Dowan
  4970 | D:7      | Noticed Duvessa
  4985 | D:8      | Found a stormy altar of Qazlal.
  4994 | D:8      | Found Jeiledgh's Magic Scroll Boutique.
  5489 | D:6      | Found a staircase to the Ecumenical Temple.
  5498 | Temple   | Entered the Ecumenical Temple
  5548 | Temple   | Became a worshipper of Trog the Wrathful
  5729 | D:6      | Found a glowing golden altar of the Shining One.
  5766 | D:6      | Found a shimmering altar of Xom.
  5809 | D:6      | Reached XP level 9. HP: 56/56 MP: 9/9
  6480 | D:7      | Reached * piety under Trog
  6570 | D:7      | Killed Dowan
  6576 | D:7      | Killed Duvessa
  6752 | D:7      | Found a white marble altar of Elyvilon.
  6814 | D:7      | Found an iron altar of Okawaru.
  7291 | D:8      | Reached skill level 10 in Crossbows
  7490 | D:8      | Noticed a brown ugly thing
  7490 | D:8      | Noticed a troll
  7527 | D:8      | Reached XP level 10. HP: 63/65 MP: 10/10
  7888 | D:8      | Found a sparkling altar of Nemelex Xobeh.
  8190 | D:8      | Reached ** piety under Trog
  8197 | D:8      | Reached skill level 10 in Dodging
  8323 | D:8      | Found a radiant altar of Vehumet.
  8872 | D:8      | Found a basalt altar of Yredelemnul.
  8991 | D:9      | You fall through a shaft for 2 floors!
  9002 | D:11     | Noticed a hill giant
  9103 | D:10     | Entered Level 10 of the Dungeon
  9164 | D:10     | Found a flagged portal.
  9174 | Bailey   | Entered a bailey
  9955 | Bailey   | Gained mutation: You have supernaturally acute eyesight. [potion of beneficial mutation]
 10037 | Bailey   | Reached *** piety under Trog
 10056 | Bailey   | Noticed an orc knight
 10612 | D:9      | Noticed Pikel
 10672 | D:9      | Killed Pikel
 10672 | D:9      | Reached skill level 5 in Short Blades
 10760 | D:9      | Reached skill level 7 in Short Blades
 10760 | D:9      | Reached XP level 11. HP: 55/72 MP: 11/11
 10901 | D:9      | Upgraded the game from 0.18-a0-1545-g9c1b95f to 0.18-a0-1553-g6621715
 10939 | D:9      | Found an opulent altar of Gozag.
 11106 | D:9      | Reached skill level 8 in Short Blades
 11212 | D:9      | Reached skill level 9 in Short Blades
 11599 | D:9      | Found a staircase to the Orcish Mines.
 11717 | D:9      | Reached skill level 10 in Short Blades
 11758 | D:9      | Noticed a manticore
 11767 | D:9      | Killed a manticore
 11767 | D:9      | Reached skill level 11 in Short Blades
 11773 | D:9      | Reached **** piety under Trog
 12047 | D:9      | Reached skill level 12 in Short Blades
 12048 | D:9      | Noticed an orange crystal statue
 12192 | D:9      | Found a blossoming altar of Fedhas.
 12393 | D:9      | Found a deep blue altar of Sif Muna.
 13085 | D:10     | Reached skill level 13 in Short Blades
 13154 | D:10     | Found Kalleczady's Armour Boutique.
 13237 | D:10     | Found Ifobbuim's Weapon Shoppe.
 13294 | D:10     | Reached skill level 14 in Short Blades
 13563 | D:10     | Noticed Sonja
 13587 | D:10     | Killed Sonja
 13587 | D:10     | Reached skill level 15 in Short Blades
 13848 | D:10     | Noticed a manticore
 13851 | D:10     | Killed a manticore
 13897 | D:11     | Received a gift from Trog
 14049 | D:11     | Noticed an unseen horror
 14056 | D:11     | Killed an unseen horror
 14129 | D:11     | Reached skill level 16 in Short Blades
 14211 | D:11     | Noticed a red ugly thing
 14219 | D:11     | Killed a red ugly thing
 14219 | D:11     | Reached XP level 12. HP: 74/77 MP: 12/12
 14339 | D:11     | Received a gift from Trog
 14553 | D:11     | Reached skill level 17 in Short Blades
 14926 | D:11     | Received a gift from Trog
 15169 | D:11     | Found a staircase to the Lair.
 15567 | D:11     | Reached skill level 18 in Short Blades
 16147 | D:12     | Reached ***** piety under Trog
 16147 | D:12     | Received a gift from Trog
 16209 | D:12     | Reached skill level 1 in Armour
 16446 | D:13     | Noticed a five-headed hydra
 16448 | D:13     | Noticed a centaur warrior
 16464 | D:13     | Killed a five-headed hydra
 16781 | Lair:1   | Entered Level 1 of the Lair of Beasts
 16946 | Lair:1   | Reached XP level 13. HP: 82/82 MP: 13/13
 17620 | Lair:2   | Got a distressingly furry plate armour
 17635 | Lair:2   | Identified the cursed +0 plate armour of Inviolability {rC+ rN+ Str+4 Dex+2} (You found it on level 2 of the Lair of Beasts)
 18007 | Lair:2   | Reached skill level 5 in Armour
 18176 | Lair:2   | Received a gift from Trog
 18468 | Lair:2   | Received a gift from Trog
 19240 | Lair:3   | Received a gift from Trog
 19371 | Lair:3   | Noticed Gastronok
 19385 | Lair:3   | Killed Gastronok
 19785 | Lair:3   | Found a hole to the Spider Nest.
 19886 | Lair:3   | Reached skill level 10 in Armour
 19886 | Lair:3   | Reached XP level 14. HP: 87/87 MP: 14/14
 20478 | Lair:4   | HP: 4/87 [four-headed hydra (11)]
 20484 | Lair:4   | Mangled by a four-headed hydra

Vault maps used:
D:1:      dpeg_arrival_water_temple_mockup, nemelex_deck
D:2:      lemuel_doored_altar, uniq_iyjb
D:3:      old_standard_altar, kennysheep_vampire_church,
          nicolae_ashenzari_panopticon, first_bread, kennysheep_generic_room_10,
          uniq_purgy, uniq_crazy_yiuf_cottage, uniq_jessica, uniq_natasha
D:4:      nicolae_overflow_crystal_walls, serial_bayou_pond_d, uniq_edmund
D:6:      old_standard_altar, minmay_temple_entry_statues_pillars,
          xom_teletrap_fun
D:7:      okawaru_ov_weapons_minmay, lemuel_round_altar, uniq_duvessa
D:8:      kennysheep_mini, lemuel_coloured_pillars_altar, vehumet_altar_wand_db,
          serial_shops, shop, basic_altar, hangedman_pestilent_swarm,
          lightli_corner_chamber
D:9:      kennysheep_orc_sif_temple, old_standard_altar, grunt_gozag_statues,
          hiddenorc1_lemuel, minmay_protected_statue, uniq_pikel
D:10:     enter_bailey_3, serial_shops, shop_fountains, shop, minivault_19,
          nrook_uturn, uniq_sonja
D:11:     grunt_lair_entry_orc_guard_hut, eino_curves_04, minivault_22
D:13:     minmay_librarian
Temple:   pf_slimified_temple
Lair:2:   zaba_antful_of_joy, grunt_megastairs_1, serial_bayou_shore_b,
          serial_bayou_shore_b
Lair:3:   nicolae_spider_entry_non_spiders, patterned_corridor, uniq_gastronok
Lair:4:   grunt_megastairs_3
Bailey:   bailey_polearm_2, bailey

Skill      XL: |  1  2  3  4  5  6  7  8  9 10 11 12 13 14 |
---------------+-------------------------------------------+-----
Crossbows      | 5 6 7 8 10 11 | 11.3
Dodging        | 3 4 5 6 7 9 10 | 10.7
Fighting       | 3 4 5 6 8 9 |  9.9
Short Blades   | 7 16 18 | 18.7
Armour         | 3 10 | 10.1
Stealth        | 2 |  2.6

Action                   |  1- 3 |  4- 6 |  7- 9 | 10-12 | 13-15 || total
-------------------------+-------+-------+-------+-------+-------++-------
Melee: Rapier            |       |    54 |    53 |       |       ||   107
       Dagger            |       |    18 |   113 |   448 |       ||   579
       Flail             |       |       |    35 |       |       ||    35
       Short sword       |       |       |       |    53 |       ||    53
       Quick blade       |       |       |       |       |    79 ||    79
 Fire: Hand crossbow     |    44 |    62 |   126 |     7 |       ||   239
       Arbalest          |       |       |       |   452 |   277 ||   729
       Blowgun           |       |       |       |       |     2 ||     2
Throw: Throwing net      |       |     2 |       |       |       ||     2
Invok: Burn Spellbooks   |       |       |       |     3 |     2 ||     5
       Trog's Hand       |       |       |       |       |     1 ||     1
Evoke: Wand              |       |     4 |       |     2 |       ||     6
       Deck              |       |     1 |       |       |       ||     1
  Use: Scroll            |       |     3 |    14 |     7 |     6 ||    30
       Potion            |       |       |     6 |     2 |     1 ||     9
 Stab: Held in net/web   |       |     1 |       |       |       ||     1
       Sleeping          |       |       |     1 |     7 |     8 ||    16
       Paralysed         |       |       |       |     1 |       ||     1
  Eat: Chunk             |     7 |     6 |    16 |    30 |    11 ||    70
